 Dungeon Crawl Stone Soup version 0.26.1-10-gdfb7c7de75 (webtiles) character file.

Game seed: 3137471192359200898

8104 manyhoops the Transmogrifier (level 11, -7/92 HPs)
             Began as a Palentonga Transmuter on Apr 4, 2021.
             Was a High Priest of Uskayaw.
             Mangled by an ogre
             ... wielding a +0 giant club
              (13 damage)
             ... on level 14 of the Dungeon.
             The game lasted 00:22:41 (12266 turns).

manyhoops the Transmogrifier (PaTm)                Turns: 12266, Time: 00:22:41

Health: -7/92      AC: 31    Str: 18    XL:     11   Next: 5%
Magic:  14/20      EV:  9    Int: 17    God:    Uskayaw [*****.]
Gold:   172        SH:  0    Dex: 16    Spells: 11/23 levels left

rFire    . . .     SeeInvis +     - Unarmed
rCold    + . .     Faith    .   (shield currently unavailable)
rNeg     . . .     Spirit   .   p - +6 leather armour "Bump" {rElec}
rPois    +         Reflect  .   E - +2 helmet of Inference {*Corrode rPois Str+2 Stlth+}
rElec    +         Harm     .   D - +0 cloak
rCorr    .         Rampage  .   (gloves currently unavailable)
Will     .....                  r - +1 barding
Stlth    ++........             B - amulet of regeneration
HPRegen  0.65/turn              j - +6 ring of dexterity
MPRegen  0.17/turn              y - +4 ring of protection

@: blade hands, wereblooded, curled up
A: large, rugged brown scales 3, see invisible, clever 1, cold resistance 1,
deformed body, roll 1, armoured tail, reflexive curl
a: Rolling Charge, End Transformation, Renounce Religion, Stomp, Line Pass,
Grand Finale


You were on level 14 of the Dungeon.
You worshipped Uskayaw.
Uskayaw was noncommittal.
You had blades for hands.
You visited 2 branches of the dungeon, and saw 13 of its levels.

You collected 565 gold pieces.
You spent 393 gold pieces at shops.

Inventory:

Armour
 m - a cursed +0 pair of gloves (melded)
 p - the +6 leather armour "Bump" (worn) {rElec}
   (You found it on level 6 of the Dungeon)

   It insulates you from electricity.
 q - a +2 leather armour of poison resistance
 r - a +1 barding (worn)
 D - a +0 cloak (worn)
 E - the +2 helmet of Inference (worn) {*Corrode rPois Str+2 Stlth+}
   (You bought it in a shop on level 6 of the Dungeon)

   It affects your strength (+2).
   It protects you from poison.
   It may corrode you when you take damage.
   It makes you more stealthy.
Jewellery
 i - an uncursed amulet of guardian spirit
 j - a +6 ring of dexterity (left scythe-like blade)
 k - an uncursed ring of ice
 n - a +4 ring of evasion
 y - a +4 ring of protection (right scythe-like blade)
 B - an amulet of regeneration (around neck)
Wands
 d - a wand of acid (7)
 g - a wand of flame (34)
 u - a wand of iceblast (6)
Scrolls
 a - 2 scrolls of magic mapping
 b - 2 scrolls of amnesia
 h - 7 scrolls of remove curse
 l - a scroll of fog
 t - a scroll of enchant weapon
 v - a scroll of fear {unknown}
 w - 2 scrolls of identify
 C - a scroll of immolation {unknown}
Potions
 c - a potion of haste
 e - 2 potions of flight
 f - a potion of brilliance {unknown}
 o - 3 potions of attraction
 s - 8 potions of ambrosia
 x - a potion of might
 F - 2 potions of heal wounds


   Skills:
 - Level 5.0 Fighting
 + Level 3.2 Armour
 + Level 3.4 Dodging
 - Level 8.8 Unarmed Combat
 - Level 6.6 Spellcasting
 - Level 11.1 Transmutations


You had 11 spell levels left.
You knew the following spells:

 Your Spells              Type           Power        Failure   Level
a - Beastly Appendage     Tmut           86%          8%          1
b - Wereblood             Tmut           43%          9%          2
d - Ice Form              Ice/Tmut       24%          54%         4
f - Blade Hands           Tmut           21%          30%         5

Your spell library contained the following spells:

 Spells                   Type           Power        Failure   Level
 Spider Form              Tmut/Pois      12%          30%         3
 Corona                   Hex            5%           54%         1
 Ensorcelled Hibernation  Hex/Ice        10%          65%         2
 Confusing Touch          Hex            5%           82%         3
 Dazzling Flash           Conj/Hex       10%          82%         3
 Tukima's Dance           Hex            5%           82%         3


Dungeon Overview and Level Annotations

Branches:
Dungeon (12/15)            Temple (1/1) D:7            Lair (0/6) D:10
    Orc: D:9-12

Altars:
Ashenzari
Cheibriados
Dithmenos
Elyvilon
Fedhas
Gozag
Hepliaklqana
Kikubaaqudgha
Makhleb
Nemelex Xobeh
Okawaru
Qazlal
Ru
Trog
Uskayaw
Xom
Yredelemnul
Zin
The Shining One

Shops:
D:5 (   D:6 =?([(   D:8 ?

Annotations:
D:7 2 transporters, sixsigma's ghost, novice GnCj


Innate Abilities, Weirdness & Mutations

You are completely covered in rugged brown scales. (AC +3, +7% HP)
You have supernaturally acute eyesight. (SInv)
Armour fits poorly on your strangely shaped body.
You can roll at nearby foes to attack.
You have a long armoured tail.
You curl defensively after being hit.
Your mind is acute. (Int +2)
Your flesh is cold resistant. (rC+)


Message History

You kill the hound!
You are no longer corroded.
The vampire mosquito barely misses you. The vampire mosquito bites you.
The vampire mosquito draws strength from your injuries!
You hit the big kobold.
The big kobold is lightly wounded.
The vampire mosquito closely misses you.
The vampire mosquito misses you.
The ogre hits you with a +0 giant club!!
* * * LOW HITPOINT WARNING * * *
The vampire mosquito bites you but does no damage. x2
The big kobold hits you but does no damage.
You can now merge with and destroy a victim.
Unknown command.
You closely miss the big kobold. You slash the big kobold.
The big kobold is lightly wounded.
The vampire mosquito misses you.
The vampire mosquito bites you but does no damage.
The ogre hits you with a +0 giant club!
You die...

..#..#. .....##
......## ...
....#.# ...
.....# .. ....
#§§§###.. #....
#Ky§.#...
##...###@y§.....
#.....§O§§§.....
......§§§§§.....
.......(......#.
........().....#
...............#
..............#.
#..Y.!.c..c.....
##.).###........


You could see 2 vampire mosquitoes, a big kobold and an ogre.

Vanquished Creatures
  Snorg (D:10)
  A deep elf mage (D:14)
  An ugly thing (D:11)
  A centaur skeleton (D:11)
  Maggie (D:7)
  A queen bee (D:10)
  A hornet (D:11)
  2 steam dragons (D:6)
  A wyvern (D:8)
  A vampire mosquito (D:14)
  An acid dragon (D:11)
  A water moccasin (D:11)
  An orc warrior (D:10)
  3 ice beasts
  An eye of draining (D:8)
  A phantom (D:11)
  3 sky beasts
  A black bear (D:11)
  3 ogres
  6 centaurs
  4 bullfrogs
  3 scorpions
  35 killer bees
  A howler monkey (D:5)
  2 hounds
  A jelly (D:6)
  4 orc priests
  Ijyb (D:4)
  4 iguanas
  10 worker ants
  7 orc wizards
  2 hound skeletons
  A howler monkey zombie (D:7)
  14 adders
  5 shadow imps
  3 white imps
  3 ufetubi
  An ooze (D:3)
  An adder skeleton (D:6)
  An adder zombie (D:5)
  4 worms
  10 leopard geckos
  35 orcs
  10 bats
  5 giant cockroaches
  7 goblins
  14 hobgoblins
  15 jackals
  3 quokkas
  A ball python (D:1)
  6 frilled lizards
  7 kobolds
  9 rats
261 creatures vanquished.

Vanquished Creatures (others)
  3 plants (D:5)
3 creatures vanquished.

Grand Total: 264 creatures vanquished

Notes
Turn   | Place    | Note
-------+----------+-------------------------------------------
     0 | D:1      | manyhoops the Palentonga Transmuter began the quest for the
                  | Orb.
     0 | D:1      | Reached XP level 1. HP: 17/17 MP: 3/3
   307 | D:1      | Reached XP level 2. HP: 7/24 MP: 5/5
  1335 | D:2      | Reached XP level 3. HP: 21/31 MP: 3/6
  1567 | D:2      | Reached XP level 4. HP: 37/38 MP: 5/7
  1574 | D:2      | Learned a level 2 spell: Wereblood
  2672 | D:2      | Found a shadowy altar of Dithmenos.
  2866 | D:2      | Noticed an ice beast
  2958 | D:3      | Reached XP level 5. HP: 43/43 MP: 6/8
  3016 | D:3      | Reached skill level 3 in Transmutations
  3290 | D:3      | Found a blossoming altar of Fedhas.
  4408 | D:4      | Reached XP level 6. HP: 30/55 MP: 5/9
  4789 | D:4      | Noticed Ijyb
  4831 | D:4      | Killed Ijyb
  4837 | D:4      | Reached skill level 5 in Fighting
  5650 | D:5      | Entered Level 5 of the Dungeon
  5726 | D:5      | Reached skill level 5 in Unarmed Combat
  5761 | D:5      | Found Ifev's Antique Weapon Shop.
  5764 | D:5      | Gained mutation: You curl defensively after being hit.
                  | [Palentonga growth]
  5764 | D:5      | Reached XP level 7. HP: 50/65 MP: 7/10
  6365 | D:5      | Reached XP level 8. HP: 44/72 MP: 5/11
  6378 | D:6      | Found Iseul's Magic Scroll Shoppe.
  6387 | D:6      | HP: 3/72 [killer bee (6)]
  6529 | D:6      | Bought a scroll of identify for 20 gold pieces
  6529 | D:6      | Bought a scroll of magic mapping for 35 gold pieces
  6529 | D:6      | Bought a scroll of enchant armour for 75 gold pieces
  6529 | D:6      | Bought a scroll of magic mapping for 35 gold pieces
  6731 | D:6      | Found Pusijetz's Antique Armour Shop.
  6739 | D:6      | Found Vuod's Antique Weapon Boutique.
  6799 | D:6      | Reached skill level 4 in Transmutations
  6844 | D:6      | Reached skill level 5 in Transmutations
  7042 | D:6      | Found Qaddug's Weapon Shoppe.
  7146 | D:6      | Got a masterwork leather armour
  7157 | D:6      | Identified the +6 leather armour "Bump" {rElec} (You found
                  | it on level 6 of the Dungeon)
  7222 | D:6      | Found Pouzed's Jewellery Boutique.
  7563 | D:6      | Reached skill level 6 in Transmutations
  8181 | D:5      | Reached XP level 9. HP: 78/79 MP: 10/12
  8247 | D:5      | Reached skill level 7 in Transmutations
  8538 | D:7      | Found a staircase to the Ecumenical Temple.
  8754 | Temple   | Entered the Ecumenical Temple
  8793 | Temple   | Became a worshipper of Uskayaw the Reveller
  9014 | D:7      | Reached * piety under Uskayaw
  9085 | D:7      | Found a transporter.
  9097 | D:7      | Noticed sixsigma's ghost (novice GnCj)
  9121 | D:7      | Found a transporter.
  9145 | D:7      | Noticed Maggie
  9150 | D:7      | Reached ** piety under Uskayaw
  9153 | D:7      | Reached *** piety under Uskayaw
  9154 | D:7      | Killed Maggie
  9155 | D:7      | Reached skill level 8 in Transmutations
  9770 | D:7      | Learned a level 5 spell: Blade Hands
  9775 | D:7      | Learned a level 4 spell: Ice Form
  9787 | D:8      | Reached skill level 9 in Transmutations
 10012 | D:6      | Bought a faintly glowing helmet for 228 gold pieces
 10022 | D:6      | Identified the +2 helmet of Inference {*Corrode rPois Str+2
                  | Stlth+} (You bought it in a shop on level 6 of the Dungeon)
 10084 | D:8      | Found Ciegousuv's Magic Scroll Boutique.
 10338 | D:8      | You fall into a shaft and drop 3 floors!
 10489 | D:10     | Entered Level 10 of the Dungeon
 10538 | D:10     | Gained mutation: Your mind is acute. (Int +2) [potion of
                  | mutation]
 10538 | D:10     | Gained mutation: Your flesh is cold resistant. (rC+)
                  | [potion of mutation]
 10851 | D:10     | Reached skill level 10 in Transmutations
 10914 | D:10     | Noticed a queen bee
 10937 | D:10     | Reached **** piety under Uskayaw
 11122 | D:10     | Found a staircase to the Lair.
 11133 | D:10     | Noticed Snorg
 11143 | D:10     | Reached XP level 10. HP: 86/86 MP: 8/16
 11148 | D:10     | Reached ***** piety under Uskayaw
 11151 | D:10     | Killed Snorg
 11152 | D:10     | Reached skill level 5 in Spellcasting
 11288 | D:10     | Reached ****** piety under Uskayaw
 11300 | D:10     | Reached skill level 11 in Transmutations
 11591 | D:11     | Noticed a red ugly thing
 11607 | D:11     | Killed a red ugly thing
 11608 | D:11     | Reached skill level 1 in Armour
 12244 | D:12     | Noticed a red ugly thing
 12249 | D:12     | You fall into a shaft and drop 2 floors!
 12250 | D:14     | Noticed a deep elf mage
 12254 | D:14     | Killed a deep elf mage
 12255 | D:14     | Reached XP level 11. HP: 75/92 MP: 14/20
 12260 | D:14     | Noticed a yaktaur captain
 12266 | D:14     | Mangled by an ogre

Illustrated notes

Levels and vault maps discovered:
D:1:      denvon_arrival_planthouse, layout_basic, chequers_mini_garden,
          st_stairs_6
D:2:      minmay_skewed_foursquare, layout_basic, ebering_dispersal_statue_hall,
          grunt_dithmenos_smoke
D:3:      wad_river_or_something, layout_basic, hex_tiny, minivault_25,
          fedhas_altar_2
D:4:      layout_loops_ring, minmay_misc_feat_doors, uniq_ijyb
D:5:      layout_basic, serial_shops, nicolae_shop_overgrown_old_shop,
          minmay_misc_feat_square
D:6:      cheibrodos_steamvent, layout_cave_pods, serial_shops, shop, shop,
          shop_statue, shop_fountains, kennysheep_mini
D:7:      layout_loops_corners, temple_green, gammafunk_ghost_stat_death,
          uniq_maggie
D:8:      layout_rooms, serial_curves, eino_curves_04, eino_curves_01,
          serial_shops, shop
D:10:     layout_roguey [special_room_bee], lair_entry_dummy, uniq_snorg
D:11:     layout_loops_ring, hangedman_abyss_or_decor_clamps
D:12:     layout_roguey
D:14:     layout_big_octagon, david_vaults_2, chequers_jeans,
          ebering_ghost_reflecting_pool, minmay_fractal_squares_gapless_7
Temple:   nicolae_temple_the_god_donut

Skill      XL: |  1  2  3  4  5  6  7  8  9 10 |
---------------+-------------------------------+-----
Unarmed Combat | 4 5 7 8 |  8.8
Fighting       | 2 3 5 |  5.0
Transmutations | 3 6 10 11 | 11.1
Spellcasting   | 4 6 |  6.6
Armour         | 3 |  3.2
Dodging        | 3 |  3.4

Action                   |  1- 3 |  4- 6 |  7- 9 | 10-12 || total
-------------------------+-------+-------+-------+-------++-------
Melee: Unarmed           |   103 |   205 |   324 |   102 ||   734
       Headbutt          |     7 |    21 |    28 |       ||    56
       Kick              |    10 |    35 |    37 |       ||    82
       Tailslap          |     7 |    29 |    49 |    15 ||   100
       Punch             |     2 |     5 |    16 |     3 ||    26
 Cast: Beastly Appendage |    15 |    21 |    24 |       ||    60
       Wereblood         |       |     3 |     4 |     2 ||     9
       Blade Hands       |       |       |     4 |     9 ||    13
 Abil: Rolling Charge    |     8 |     6 |    17 |     4 ||    35
  Use: Scroll            |       |     5 |    15 |     1 ||    21
       Potion            |       |     2 |     9 |     2 ||    13
 Stab: Sleeping          |       |     4 |     4 |       ||     8
       Paralysed         |       |       |     8 |     2 ||    10
       Distracted        |       |       |       |     1 ||     1
Armor: Robe              |    48 |    49 |       |       ||    97
       Leather armour    |       |    11 |   267 |    78 ||   356
Dodge: Dodged            |    86 |    78 |   248 |    49 ||   461
